 Dungeon Crawl Stone Soup version 0.21-a0-84-g85d6d27 (webtiles) character file.

1288 vev the Skirmisher (level 8, 0/73 HPs)
             Began as a White Draconian Venom Mage on June 25, 2017.
             Was an Initiate of Nemelex Xobeh.
             Slain by a two-headed ogre
             ... wielding a +0 giant spiked club
              (16 damage)
             ... on level 6 of the Dungeon.
             The game lasted 00:14:58 (5463 turns).

vev the Skirmisher (White Draconian Venom Mage)     Turns: 5463, Time: 00:15:00

Health: 0/73       AC:  7    Str: 12    XL:     8   Next: 30%
Magic:  20/20      EV: 14    Int: 16    God:    Nemelex Xobeh [......]
Gold:   342        SH:  3    Dex: 12    Spells: 10/11 levels left

rFire    . . .     SeeInvis .   o - +2 short sword (venom)
rCold    + . .     Gourm    .   (no shield)
rNeg     . . .     Faith    .   (armour unavailable)
rPois    .         Spirit   .   (helmet restricted)
rElec    .         Reflect  +   y - +0 cloak
rCorr    .         Harm     .   (no gloves)
MR       .....                  (no boots)
Stlth    +++.......             A - +3 amulet of reflection
HPRegen  0.22/turn              w - ring of magical power
MPRegen  0.17/turn              (no ring)

@: short of breath
A: breathe frost, unfitting armour, cold resistance 1, cold-blooded, AC +6
a: Breathe Frost, Renounce Religion


You were on level 6 of the Dungeon.
You worshipped Nemelex Xobeh.
Nemelex Xobeh was noncommittal.
You were not hungry.

You visited 2 branches of the dungeon, and saw 7 of its levels.

You collected 342 gold pieces.

Inventory:

Hand Weapons
 d - a +0 hand axe
 o - a +2 short sword of venom (weapon)
 v - a +3 quarterstaff of chaos
Armour
 y - a +0 cloak (worn)
Jewellery
 m - an uncursed amulet of magic regeneration
 w - a ring of magical power (left hand)
 A - a +3 amulet of reflection (around neck)
Wands
 s - a wand of confusion (8/48)
Scrolls
 c - 8 scrolls of identify
 f - 2 scrolls of magic mapping {unknown}
 i - 6 scrolls of remove curse {unknown}
 j - 2 scrolls of recharging {unknown}
 k - 2 scrolls of enchant weapon {unknown}
 l - a scroll of blinking {unknown}
 n - 4 scrolls of enchant armour {unknown}
 p - a scroll of fear {unknown}
 q - 3 scrolls of teleportation {unknown}
 t - a scroll of fog {unknown}
 x - a scroll of immolation {unknown}
 B - a scroll of random uselessness {unknown}
Potions
 e - a potion of degeneration {unknown}
 g - a potion of agility {unknown}
 h - a potion of might
 r - a potion of haste
 z - a potion of resistance
 C - a potion of heal wounds {unknown}
Books
 a - a Young Poisoner's Handbook

   Spells                             Type                      Level
   a - Sting                          Conjuration/Poison           1
   b - Poisonous Vapours              Poison/Air                   2
   c - Mephitic Cloud                 Conjuration/Poison/Air       3
   d - Olgreb's Toxic Radiance        Poison                       4
   e - Venom Bolt                     Conjuration/Poison           5
Miscellaneous
 D - an ornate deck of summoning
Comestibles
 b - 6 bread rations
 u - 4 fruits


   Skills:
 + Level 7.6 Fighting
 + Level 4.6 Dodging
 + Level 5.1 Stealth
 - Level 2.0 Spellcasting
 - Level 1.0 Conjurations
 - Level 3.0 Poison Magic
 + Level 1.9 Invocations


You had 10 spell levels left.
You knew the following spells:

 Your Spells              Type           Power        Failure   Level  Hunger
a - Sting                 Conj/Pois      #...         9%          1    #......


Dungeon Overview and Level Annotations

Branches:
Dungeon (6/15)             Temple (1/1) D:5

Altars:
Ashenzari
Dithmenos
Elyvilon
Fedhas
Gozag
Hepliaklqana
Nemelex Xobeh
Okawaru
Qazlal
Ru
Sif Muna
Trog
Uskayaw
Vehumet
Wu Jian
Xom
Yredelemnul
The Shining One

Annotations:
D:3 minicreteconcrete's ghost, novice VSNe


Innate Abilities, Weirdness & Mutations

You can breathe waves of freezing cold.
You can buffet flying creatures when you breathe cold.
Your icy white scales are hard. (AC +6)
You cannot fit into any form of body armour.
Your flesh is cold resistant. (rC+)
You are cold-blooded and may be slowed by cold attacks.


Message History

The two-headed ogre hits you with a giant club!
You see here an ornate deck of summoning.
D - an ornate deck of summoning The two-headed ogre hits you with a giant spiked club!
* * * LOW HITPOINT WARNING * * *
The two-headed ogre barely misses you.
Unknown command.
The two-headed ogre looks more healthy.
Okay, then.
Press: ? - help, Shift-Dir - straight line, f - two-headed ogre
Aim: a two-headed ogre, wielding a giant spiked club and a giant club (heavily wounded)
You exhale a wave of freezing cold.
The freezing breath hits the two-headed ogre.
The two-headed ogre is severely wounded.
You feel somewhat more hungry.
The two-headed ogre hits you with a giant spiked club!
* * * LOW HITPOINT WARNING * * *
The two-headed ogre hits you with a giant club!
You die...
Your body disappears without a glow.

.# #....♣._
####.#######.#.....
#.../...#.....#≈..♣
#.......#.##.##≈≈..
#.......#.##.####..
#.......#.##.#.##..
#.......#.##.#....#
#####.......#.##.#.####
#.....@.....#......# #
#.###O#.###.####.###
#.##.###.#.###.####.#
#........#..........#
####.......#.#.######
#......###..# ##.#..##
##.# #.#.#.# .##
#.#....# #


You could see a two-headed ogre.

Vanquished Creatures
  Sigmund (D:5)
  Menkaure (D:5)
  2 ogres
  2 phantoms
  2 centaurs
  A crimson imp (D:5)
  A jelly (D:5)
  A hound (D:4)
  Crazy Yiuf (D:4)
  Ijyb (D:3)
  Natasha (thrice) (D:2)
  4 worker ants
  A hound skeleton (D:4)
  10 adders
  A shadow imp (D:4)
  3 adder skeletons
  A worm (D:5)
  2 dart slugs (D:1)
  6 leopard geckos
  6 orcs
  A ball python (D:4)
  8 bats
  5 giant cockroaches
  4 goblins
  7 hobgoblins
  A jackal (D:5)
  4 frilled lizards
  7 kobolds
  13 rats
100 creatures vanquished.

Notes
Turn   | Place    | Note
-------+----------+-------------------------------------------
     0 | D:1      | vev the Draconian Venom Mage began the quest for the Orb.
     0 | D:1      | Reached XP level 1. HP: 14/14 MP: 3/3
    66 | D:1      | Reached skill level 1 in Fighting
   478 | D:1      | Reached XP level 2. HP: 16/24 MP: 1/5
   565 | D:1      | Reached skill level 2 in Fighting
  1119 | D:2      | Reached skill level 3 in Fighting
  1119 | D:2      | Reached XP level 3. HP: 31/31 MP: 2/6
  1147 | D:2      | Noticed Natasha
  1159 | D:2      | Killed Natasha
  1204 | D:2      | Found an opulent altar of Gozag.
  1213 | D:2      | Noticed Natasha
  1216 | D:2      | Reached skill level 4 in Fighting
  1216 | D:2      | Reached XP level 4. HP: 27/40 MP: 3/7
  1225 | D:2      | Killed Natasha
  1501 | D:2      | Noticed Natasha
  1507 | D:2      | Killed Natasha
  1507 | D:2      | Reached skill level 5 in Fighting
  1647 | D:2      | Reached XP level 5. HP: 35/48 MP: 8/8
  2174 | D:3      | Noticed minicreteconcrete's ghost (novice VSNe)
  2274 | D:3      | Noticed an ogre
  2302 | D:3      | Killed an ogre
  2302 | D:3      | Reached skill level 2 in Dodging
  2302 | D:3      | Reached skill level 2 in Stealth
  2320 | D:3      | Noticed Ijyb
  2334 | D:3      | Killed Ijyb
  2334 | D:3      | Reached XP level 6. HP: 35/57 MP: 9/9
  2410 | D:3      | Noticed a moth of wrath
  2413 | D:3      | Found a bloodstained altar of Trog.
  2561 | D:4      | Reached skill level 6 in Fighting
  2624 | D:4      | Reached skill level 3 in Dodging
  2624 | D:4      | Reached skill level 3 in Stealth
  2752 | D:4      | Found a deep blue altar of Sif Muna.
  2904 | D:4      | Your scales start taking on an icy white colour.
  2904 | D:4      | Reached XP level 7. HP: 40/64 MP: 6/10
  2904 | D:4      | Gained mutation: Your flesh is cold resistant. (rC+) [White Draconian growth]
  3230 | D:4      | Found a stormy altar of Qazlal.
  3337 | D:4      | Found a runed door.
  3394 | D:4      | Found a shadowy altar of Dithmenos.
  3439 | D:4      | Noticed Crazy Yiuf
  3442 | D:4      | Reached skill level 4 in Stealth
  3448 | D:4      | Killed Crazy Yiuf
  3743 | D:5      | Entered Level 5 of the Dungeon
  3937 | D:5      | Noticed Menkaure
  3947 | D:5      | Killed Menkaure
  3947 | D:5      | Reached skill level 7 in Fighting
  3947 | D:5      | Reached skill level 4 in Dodging
  3949 | D:5      | HP: 9/99 [leopard gecko (3)]
  4352 | D:5      | Noticed Sigmund
  4387 | D:5      | Found an ornate altar of the Wu Jian Council.
  4460 | D:5      | Killed Sigmund
  4460 | D:5      | Reached XP level 8. HP: 73/73 MP: 11/11
  4473 | D:5      | Found a staircase to the Ecumenical Temple.
  4537 | Temple   | Entered the Ecumenical Temple
  4726 | Temple   | Became a worshipper of Nemelex Xobeh the Trickster
  4789 | D:5      | Reached skill level 1 in Invocations
  4829 | D:5      | Found an iron altar of Okawaru.
  4919 | D:5      | Reached skill level 5 in Stealth
  5279 | D:6      | Found a glowing golden altar of the Shining One.
  5359 | D:6      | Found a white marble altar of Elyvilon.
  5430 | D:6      | Noticed a two-headed ogre
  5442 | D:6      | Received a gift from Nemelex Xobeh
  5463 | D:6      | Slain by a two-headed ogre

Vault maps used:
D:1:      nagdon_arrival_zigzag_paths
D:2:      grunt_gozag_statues, uniq_natasha
D:3:      bloody_makhleb, first_bread, tgw_trog, uniq_ijyb
D:4:      kennysheep_little_box, lemuel_crystal_altar, kennysheep_mini_moat,
          uniq_crazy_yiuf_cottage
D:5:      nicolae_overflow_crystal_walls, lemuel_crystal_altar,
          minmay_temple_entry_statues, kennysheep_small_circle, uniq_sigmund,
          uniq_menkaure
D:6:      elyvilon_altar_4, nicolae_tso_swordbearing_angel, serial_shops, shop
Temple:   dpeg_chambers_temple

Skill      XL: |  1  2  3  4  5  6  7  8 |
---------------+-------------------------+-----
Fighting       | 1 3 4 5 6 7 |  7.6
Dodging        | 2 3 4 |  4.6
Stealth        | 2 3 4 5 |  5.1
Invocations    | 1 |  1.9
Spellcasting   | |  2.0
Conjurations   | |  1.0
Poison Magic   | |  3.0

Action                   |  1- 3 |  4- 6 |  7- 9 || total
-------------------------+-------+-------+-------++-------
Melee: Unarmed           |    10 |       |       ||    10
       Hand axe          |    30 |    73 |       ||   103
       Tailslap          |     3 |    19 |     6 ||    28
       Short sword       |       |    99 |   125 ||   224
 Cast: Sting             |    34 |    19 |    13 ||    66
 Abil: Breathe Frost     |       |       |     4 ||     4
  Use: Potion            |       |       |     4 ||     4
       Scroll            |       |       |     3 ||     3
 Stab: Sleeping          |       |     2 |     8 ||    10
  Eat: Chunk             |     2 |     6 |     9 ||    17
Armor: Skin              |    17 |    49 |    28 ||    94
Dodge: Dodged            |    31 |   112 |    66 ||   209
Block: Other             |       |       |     2 ||     2
